 Dungeon Crawl Stone Soup version 0.22-a0-858-g985ef60 (webtiles) character file.

5072 inc the Fighter (level 10, -2/123 HPs)
             Began as an Ogre Wizard on July 27, 2018.
             Was an Elder of Okawaru.
             Slain by an unseen horror (10 damage)
             ... on level 9 of the Dungeon.
             The game lasted 00:20:37 (11662 turns).

inc the Fighter (Ogre Wizard)                      Turns: 11662, Time: 00:20:37

Health: -2/123     AC:  4    Str: 16    XL:     10   Next: 56%
Magic:  21/21      EV:  9    Int: 19    God:    Okawaru [****..]
Gold:   405        SH:  0    Dex:  7    Spells: 12/23 levels left

rFire    . . .     SeeInvis .   T - +2 whip (elec)
rCold    + . .     Gourm    .   (no shield)
rNeg     . . .     Faith    .   O - +1 robe {rC+}
rPois    .         Spirit   .   b - +0 hat
rElec    .         Reflect  .   (no cloak)
rCorr    .         Harm     .   (gloves unavailable)
MR       ++...                  (boots unavailable)
Stlth    +.........             j - amulet of rage
HPRegen  0.30/turn              B - ring of protection from magic
MPRegen  0.17/turn              D - ring of flight

@: about to teleport, heavily drained
A: large, unfitting armour, tough skin 1
a: Heroism, Renounce Religion, Evoke Berserk Rage, Evoke Flight


You were on level 9 of the Dungeon.
You worshipped Okawaru.
Okawaru was greatly pleased with you.
You were very hungry.

You visited 2 branches of the dungeon, and saw 10 of its levels.

You collected 535 gold pieces.
You spent 130 gold pieces at shops.

Inventory:

Hand Weapons
 H - a +0 whip of freezing
 I - a +0 giant club
 N - a +1 demon trident of electrocution
 T - a +2 whip of electrocution (weapon)
Missiles
 G - 8 needles of sleeping
 R - 5 needles of confusion
Armour
 a - a +0 robe
 b - a +0 hat (worn)
 r - a scarf of spirit shield
 O - a +1 robe of cold resistance (worn)
Magical Staves
 E - an uncursed staff of wizardry
Jewellery
 j - an amulet of rage (around neck)
 B - a ring of protection from magic (left hand)
 D - a ring of flight (right hand)
 P - an uncursed ring of ice {unknown}
Wands
 y - a wand of iceblast (4)
 A - a wand of scattershot (4)
 L - a wand of flame (33)
 S - a wand of random effects (10)
Scrolls
 c - a scroll of fog {unknown}
 g - a scroll of amnesia {unknown}
 l - 5 scrolls of noise
 m - a scroll of teleportation
 n - 8 scrolls of remove curse
 o - 11 scrolls of identify
 u - 3 scrolls of enchant weapon {unknown}
 v - a scroll of enchant armour {unknown}
 x - a scroll of blinking {unknown}
 F - a scroll of magic mapping {unknown}
 J - a scroll of fear {unknown}
Potions
 f - a potion of agility {unknown}
 h - a potion of resistance
 k - 4 potions of might {unknown}
 p - a potion of lignification {unknown}
 q - 2 potions of brilliance {unknown}
 w - 2 potions of curing {unknown}
 z - a potion of ambrosia {unknown}
 K - a potion of flight {unknown}
 M - a potion of degeneration {unknown}
 Q - a potion of invisibility {unknown}
Comestibles
 d - 19 rations


   Skills:
 - Level 14.3(12.6) Fighting
 + Level 4.3(3.0) Maces & Flails
 - Level 1.7(0.5) Dodging
 - Level 1.4(0.1) Stealth
 - Level 7.3(5.9) Spellcasting
 - Level 5.7(4.3) Conjurations
 - Level 0.8(0.0) Summonings
 - Level 0.8(0.0) Translocations


You had 12 spell levels left.
You knew the following spells:

 Your Spells              Type           Power        Failure   Level  Hunger
a - Magic Dart            Conj           ###.         1%          1    None
b - Conjure Flame         Conj/Fire      ##......     14%         3    ##.....
c - Mephitic Cloud        Conj/Pois/Air  ##......     19%         3    ##.....
d - Blink                 Tloc           N/A          17%         2    None
e - Call Imp              Summ           #.......     17%         2    None

Your spell library contained the following spells:

 Spells                   Type           Power        Failure   Level  Hunger
 Apportation              Tloc           #.....       12%         1    None
 Slow                     Hex            #.......     17%         2    None
 Confuse                  Hex            #.......     34%         3    ##.....
 Summon Small Mammal      Summ           #...         12%         1    None
 Animate Skeleton         Necr           N/A          12%         1    None
 Tukima's Dance           Hex            #.......     34%         3    ##.....
 Confusing Touch          Hex            #.....       12%         1    None
 Ensorcelled Hibernation  Hex/Ice        #.....       17%         2    None
 Metabolic Englaciation   Hex/Ice        #.........   97%         5    #####..
 Corona                   Hex            #......      12%         1    None
 Petrify                  Tmut/Erth      #.......     75%         4    ####...
 Dazzling Spray           Conj/Hex       ##....       14%         3    ##.....
 Gell's Gravitas          Tloc           #.........   34%         3    ##.....
 Yara's Violent Unravell  Hex/Tmut       #.........   97%         5    #####..


Dungeon Overview and Level Annotations

Branches:
Dungeon (9/15)             Temple (1/1) D:6
   Lair: D:8-11         Orc: D:9-12

Altars:
Ashenzari
Cheibriados
Dithmenos
Elyvilon
Fedhas
Gozag
Hepliaklqana
Kikubaaqudgha
Makhleb
Nemelex Xobeh
Okawaru
Qazlal
Ru
Sif Muna
Trog
Uskayaw
Vehumet
Wu Jian
Xom
Yredelemnul
Zin
The Shining One

Shops:
D:6 *


Innate Abilities, Weirdness & Mutations

You are too large for most types of armour.
You have tough skin. (AC +1)


Message History

* * * LOW HITPOINT WARNING * * *
Something hits you!
* * * LOW HITPOINT WARNING * * *
You feel much better. Something hits you! Something hits you.
* * * LOW HITPOINT WARNING * * *
Something hits you.
* * * LOW HITPOINT WARNING * * *
Something hits you!
* * * LOW HITPOINT WARNING * * *
Something hits you.
* * * LOW HITPOINT WARNING * * *
There is an open door, spattered with blood here.
Unknown command.
Something hits you!
* * * LOW HITPOINT WARNING * * *
Something hits you.
* * * LOW HITPOINT WARNING * * *
As you read the scroll of teleportation, it crumbles to dust.
You feel strangely unstable. Something hits you!
You die...

.... #####'# ####+##... #......
#........# #...... ######
#........# #...... .....#
###........# #...... .....#
#.'........# #......
.....###.#........# ######...(..
.....##รท.#........####....'......
........##.....>@.'....####......
.....#####........###### #......
.....# #........# #...... .....#
#........# ######' ######
######'### ##. ...# #...# #..
##'#### ##'####### #.# ......#
###.......^### #.#
......####.'........'.#########'#


There were no monsters in sight!

Vanquished Creatures
  A two-headed ogre (D:5)
  Pikel (D:8)
  An ugly thing (D:8)
  The ghost of HydraWiggins the Magician, a novice GnWz (D:5)
  A centaur zombie (D:9)
  A troll (D:8)
  Prince Ribbit (D:6)
  2 hippogriffs (D:9)
  2 ice beasts
  2 orc warriors
  A slave (D:8)
  A centaur (D:5)
  2 ogres
  2 big kobolds
  3 bullfrogs
  3 scorpions
  2 howler monkeys (D:6)
  2 crimson imps
  2 bullfrog zombies
  A hound (D:5)
  A jelly (D:9)
  6 orc priests
  2 iguanas
  A centaur skeleton (D:9)
  12 orc wizards
  4 worker ants
  A howler monkey zombie (D:5)
  4 gnolls (D:5)
  6 adders
  3 adder zombies
  A worm (D:4)
  A dart slug (D:2)
  6 leopard geckos
  32 orcs
  A ball python (D:1)
  7 giant cockroaches
  6 goblins
  5 hobgoblins
  4 jackals
  11 kobolds
  2 quokkas
  5 bats
  6 frilled lizards
  A leopard gecko skeleton (D:5)
  A quokka skeleton (D:5)
  A quokka zombie (D:9)
  7 rats
169 creatures vanquished.

Vanquished Creatures (others)
  An iguana (D:8)
  A mummy (D:8)
2 creatures vanquished.

Grand Total: 171 creatures vanquished

Notes
Turn   | Place    | Note
-------+----------+-------------------------------------------
     0 | D:1      | inc the Ogre Wizard began the quest for the Orb.
     0 | D:1      | Reached XP level 1. HP: 16/16 MP: 5/5
     8 | D:1      | Reached skill level 1 in Conjurations
   202 | D:1      | Reached XP level 2. HP: 24/24 MP: 2/6
   613 | D:1      | Reached XP level 3. HP: 27/31 MP: 0/8
  1781 | D:2      | Reached XP level 4. HP: 37/39 MP: 5/9
  1960 | D:2      | Reached XP level 5. HP: 19/45 MP: 4/10
  2143 | D:2      | Noticed an orc warrior
  2267 | D:2      | Killed an orc warrior
  2267 | D:2      | Reached skill level 5 in Conjurations
  2267 | D:2      | Reached XP level 6. HP: 32/53 MP: 9/11
  3323 | D:3      | Found a shimmering altar of Xom.
  3682 | D:3      | Learned a level 3 spell: Conjure Flame
  3686 | D:3      | Learned a level 3 spell: Mephitic Cloud
  3689 | D:3      | Learned a level 2 spell: Blink
  3692 | D:3      | Learned a level 2 spell: Call Imp
  4190 | D:4      | Found a white marble altar of Elyvilon.
  4399 | D:5      | Entered Level 5 of the Dungeon
  4399 | D:5      | Noticed HydraWiggins's ghost (novice GnWz)
  4422 | D:5      | Found a runed door.
  4741 | D:4      | Reached skill level 5 in Spellcasting
  4741 | D:4      | Reached XP level 7. HP: 24/59 MP: 1/14
  5474 | D:5      | Noticed a two-headed ogre
  5791 | D:6      | Found a burning altar of Makhleb.
  5791 | D:6      | Found a glowing silver altar of Zin.
  5792 | D:6      | Noticed an angel
  5792 | D:6      | Noticed a blizzard demon
  6210 | D:6      | Found a staircase to the Ecumenical Temple.
  6314 | Temple   | Entered the Ecumenical Temple
  6375 | Temple   | Became a worshipper of Warmaster Okawaru
  6540 | D:6      | Reached skill level 1 in Fighting
  6540 | D:6      | Reached XP level 8. HP: 68/72 MP: 11/19
  6552 | D:6      | Reached skill level 2 in Fighting
  6580 | D:6      | Reached skill level 3 in Fighting
  6886 | D:6      | Reached skill level 4 in Fighting
  6999 | D:6      | Found Rouwaton's Assorted Antiques.
  7013 | D:6      | Noticed Prince Ribbit
  7016 | D:6      | Bought a notched ivory ring for 130 gold pieces
  7349 | D:5      | Reached skill level 5 in Fighting
  7660 | D:5      | Reached skill level 6 in Fighting
  7670 | D:5      | Killed a two-headed ogre
  7670 | D:5      | Reached * piety under Okawaru
  7670 | D:5      | Reached ** piety under Okawaru
  7670 | D:5      | Reached skill level 9 in Fighting
  7670 | D:5      | Reached XP level 9. HP: 98/98 MP: 5/20
  7867 | D:5      | Reached skill level 10 in Fighting
  8349 | D:5      | Killed HydraWiggins's ghost
  8349 | D:5      | Reached skill level 11 in Fighting
  8511 | D:6      | Killed Prince Ribbit
  9154 | D:7      | Reached skill level 12 in Fighting
  9664 | D:8      | Noticed a troll
  9704 | D:8      | Killed a troll
  9704 | D:8      | Reached *** piety under Okawaru
  9823 | D:8      | Reached skill level 13 in Fighting
  9899 | D:8      | Noticed Pikel
  9916 | D:8      | Killed Pikel
  9916 | D:8      | Reached XP level 10. HP: 117/120 MP: 5/21
 10151 | D:8      | Noticed a white ugly thing
 10160 | D:8      | Killed a white ugly thing
 10160 | D:8      | Reached **** piety under Okawaru
 10160 | D:8      | Received a gift from Okawaru
 10160 | D:8      | Reached skill level 14 in Fighting
 10949 | D:8      | Found a snail-covered altar of Cheibriados.
 10985 | D:8      | Reached skill level 1 in Maces & Flails
 11124 | D:9      | Found a stormy altar of Qazlal.
 11422 | D:9      | Received a gift from Okawaru
 11662 | D:9      | Slain by an unseen horror

Vault maps used:
D:1:      grunt_arrival_crossed_arrows
D:2:      first_ration
D:3:      lemuel_round_altar, grunt_decor_resistance
D:4:      elyvilon_altar_5
D:5:      hellmonk_ghost_happy_afterlife, minmay_divided_ellipse
D:6:      grunt_temple_overflow_order_and_chaos_2,
          minmay_temple_entry_nine_rooms, serial_shops, shop,
          uniq_prince_ribbit1
D:7:      st_stairs_13
D:8:      slow_altar_2, blue_anna_alchemist, uniq_pikel
D:9:      basic_altar, grunt_qazlal_sundering, uniq_psyche
Temple:   compressed_dpeg_circular_temple

Skill      XL: |  1  2  3  4  5  6  7  8  9 10 |
---------------+-------------------------------+-----
Conjurations   | 1 2 3 4 5 |  5.7
Spellcasting   | 5 7 |  7.3
Fighting       | 1 9 13 14 | 14.3
Maces & Flails | 4 |  4.3
Dodging        | |  1.7
Stealth        | |  1.4
Summonings     | |  0.8
Translocations | |  0.8

Action                   |  1- 3 |  4- 6 |  7- 9 | 10-12 || total
-------------------------+-------+-------+-------+-------++-------
Melee: Unarmed           |    10 |       |       |       ||    10
       Short sword       |    30 |    28 |    63 |       ||   121
       Dagger            |    14 |       |       |       ||    14
       Demon trident     |       |       |       |    46 ||    46
       Giant club        |       |       |       |    13 ||    13
       Whip              |       |       |       |     2 ||     2
 Cast: Magic Dart        |    90 |   100 |   272 |    21 ||   483
       Mephitic Cloud    |       |     1 |    13 |       ||    14
       Conjure Flame     |       |       |    10 |     1 ||    11
       Blink             |       |       |     5 |       ||     5
       Call Imp          |       |       |     4 |       ||     4
 Abil: Evoke Berserk Rag |       |       |     1 |       ||     1
  Use: Scroll            |       |       |     3 |     1 ||     4
       Potion            |       |       |     1 |     1 ||     2
 Stab: Confused          |       |       |     2 |       ||     2
  Eat: Chunk             |     2 |     9 |    13 |     2 ||    26
       Ration            |       |       |     1 |     1 ||     2
Armor: Robe              |    36 |    18 |    17 |    22 ||    93
Dodge: Dodged            |    61 |    28 |    50 |    27 ||   166

Table legend:
 A = Spawn XP
 B = Non-spawn XP
 C = Spawn XP percentage of total XP
 D = Spawn monster count
 E = Non-spawn monster count
 F = Spawn count percentage of total count
 G = Total turns spent on level
                    A         B        C        D         E        F      G
               +---------+---------+-------+---------+---------+-------+---------
         Total |       0 |    7246 |   0.0 |       0 |     168 |   0.0 | 11662
               +---------+---------+-------+---------+---------+-------+---------
           D:1 |       0 |      65 |   0.0 |       0 |      36 |   0.0 |  1730
           D:2 |       0 |     293 |   0.0 |       0 |      17 |   0.0 |   999
           D:3 |       0 |      81 |   0.0 |       0 |      17 |   0.0 |  1107
           D:4 |       0 |     180 |   0.0 |       0 |       9 |   0.0 |  1111
           D:5 |       0 |    1984 |   0.0 |       0 |      26 |   0.0 |  1810
           D:6 |       0 |    1053 |   0.0 |       0 |      32 |   0.0 |  2163
           D:7 |       0 |     360 |   0.0 |       0 |       7 |   0.0 |   584
           D:8 |       0 |    1892 |   0.0 |       0 |       9 |   0.0 |  1494
           D:9 |       0 |    1338 |   0.0 |       0 |      15 |   0.0 |   551
               +---------+---------+-------+---------+---------+-------+---------
